 Dungeon Crawl Stone Soup version 0.28.0-53-g5a82cb258f (webtiles) character file.

Game seed: 7599017221586677406

25 Acheron the Magician (level 3, -1/25 HPs)
             Began as a Human Hedge Wizard on July 13, 2022.
             Slain by Jessica
             ... wielding a +0 club
              (8 damage)
             ... on level 2 of the Dungeon.
             The game lasted 00:05:39 (1801 turns).

Acheron the Magician (Human Hedge Wizard)           Turns: 1801, Time: 00:05:40

Health: -1/25      AC:  2    Str: 10    XL:     3   Next: 20%
Magic:  2/8        EV: 12    Int: 14    God:
Gold:   69         SH:  0    Dex: 14    Spells: 4/9 levels left

rFire   . . .      SeeInvis .   d - +0 short sword
rCold   . . .      Faith    .   (no shield)
rNeg    . . .      Spirit   .   b - +0 robe
rPois   .          Reflect  .   c - +0 hat
rElec   .          Harm     .   (no cloak)
rCorr   .          Rampage  .   (no gloves)
Will    .....                   (no boots)
Stlth   ++........              (no amulet)
HPRegen 0.08/turn               (no ring)
MPRegen 0.11/turn               (no ring)

@: flying, very slightly contaminated
A: no striking features
a: no special abilities


You were on level 2 of the Dungeon.
You visited 1 branch of the dungeon, and saw 2 of its levels.

You collected 69 gold pieces.

Inventory:

Hand Weapons
 d - a +0 short sword (weapon)
Missiles
 a - 2 poisoned darts
 h - 34 stones
Armour
 b - a +0 robe (worn)
 c - a +0 hat (worn)
 g - a +0 scale mail
Potions
 f - a potion of heal wounds {unknown}


   Skills:
 * Level 0.3 Fighting
 * Level 0.8 Short Blades
 * Level 2.2 Dodging
 * Level 2.1 Stealth
 * Level 3.5 Spellcasting
 * Level 1.1 Conjurations
 * Level 1.0 Summonings
 * Level 1.0 Translocations


You had 4 spell levels left.
You knew the following spells:

 Your Spells              Type           Power      Damage    Failure   Level
a - Magic Dart            Conj           20%        1d4       13%         1
b - Blink                 Tloc           10%        N/A       21%         2
c - Call Imp              Summ           5%         N/A       21%         2

Your spell library contained the following spells:

 Spells                   Type           Power      Damage    Failure   Level
 Slow                     Hex            8%         N/A       21%         1
 Conjure Flame            Conj/Fire      4%         6-21      43%         3
 Mephitic Cloud           Conj/Pois/Air  3%         N/A       45%         3
 Tukima's Dance           Hex            2%         N/A       52%         3
 Anguish                  Hex/Necr       1%         N/A       90%         4
 Enfeeble                 Hex            1%         N/A       100%        7


Dungeon Overview and Level Annotations

Branches:
Dungeon (2/15)

Altars:

Annotations:
D:2 Jessica


Message History

Casting: Call Imp (safe; 21% risk of failure)
Confirm with . or Enter, or press ? or * to list all spells.
A beastly little devil appears in a puff of flame.
Jessica barely misses your crimson imp.
Your crimson imp closely misses Jessica.
Jessica hits your crimson imp with a +0 club.
Your crimson imp blinks!
Casting: Call Imp (safe; 21% risk of failure)
Confirm with . or Enter, or press ? or * to list all spells.
You miscast Call Imp.
You are very lightly contaminated with residual magic.
Nothing appears to happen.
Jessica hits you with a +0 club.
You barely miss Jessica.
Jessica mumbles some strange words.
Jessica blinks!
Casting: Call Imp (safe; 21% risk of failure)
Confirm with . or Enter, or press ? or * to list all spells.
You miscast Blink.
Nothing appears to happen.
Your crimson imp blinks!
You closely miss Jessica. Jessica barely misses you.
You barely miss Jessica. Jessica hits you with a +0 club!
Jessica barely misses you.
Casting: Blink (safe; 21% risk of failure)
Confirm with . or Enter, or press ? or * to list all spells.
Aiming: Magic Dart (safe; 13% risk of failure)
Press: ? - help, Shift-Dir - straight line, f - Jessica
Aim: Jessica, wielding a +0 club and wearing a +0 robe (fast, 100% to hit)
The magic dart hits Jessica.
Jessica is lightly wounded.
Jessica hits you but does no damage.
You hit Jessica but do no damage.
Jessica is lightly wounded.
Jessica hits you with a +0 club.
* * * LOW HITPOINT WARNING * * *
Jessica misses you.
Your crimson imp blinks!
It was a potion of flight.
You feel very buoyant.
You fly up into the air.
Jessica hits you with a +0 club!
You die...

#.......##.# ♣♣
###.......##.#.P
.......5...##.♣.
#..........##..
........[...##.♣
.....####..###.#
..... #......#
.J.## #.####.♣
.. #@# #... #@#
#.P♣♣ #.# ##♣.
..######.# ♣.
...[.....# ♣♣
.........#
..@......#
....@....#
.........#


You could see Jessica (fast, ally target) and a friendly crimson imp (summoned).

Vanquished Creatures
  A dart slug (D:1)
  2 endoplasms (D:1)
  A giant cockroach (D:1)
  2 goblins (D:1)
  2 hobgoblins (D:1)
  4 jackals (D:1)
  A quokka (D:1)
  3 bats (D:1)
  2 kobolds
  2 rats (D:1)
20 creatures vanquished.

Vanquished Creatures (others)
  4 plants (D:2)
4 creatures vanquished.

Grand Total: 24 creatures vanquished

Notes
Turn   | Place    | Note
-------+----------+-------------------------------------------
     0 | D:1      | Acheron the Human Hedge Wizard began the quest for the Orb.
     0 | D:1      | Reached XP level 1. HP: 13/13 MP: 4/4
     2 | D:1      | Noticed a barachi
     7 | D:1      | Noticed a merfolk
    11 | D:1      | Noticed a dwarf
    13 | D:1      | Noticed a minotaur zombie
    15 | D:1      | Noticed a minotaur zombie
    17 | D:1      | Noticed a tengu
    17 | D:1      | Noticed a ghoul
    19 | D:1      | Noticed a formicid
   272 | D:1      | Reached XP level 2. HP: 5/19 MP: 6/6
   539 | D:1      | Found a faded altar of an unknown god.
  1152 | D:1      | Reached XP level 3. HP: 25/25 MP: 8/8
  1476 | D:1      | Learned a level 2 spell: Blink
  1479 | D:1      | Learned a level 2 spell: Call Imp
  1783 | D:2      | Noticed Jessica
  1801 | D:2      | Slain by Jessica

Illustrated notes

Levels and vault maps discovered:
D:1:      shiori_arrival_whats_in_store_for_you, layout_loops_corners,
          hellmonk_ecumenical_altar_inner_sanctum
D:2:      wad_woods_stonehenge, layout_basic, uniq_robin, uniq_jessica

Action                   || total
-------------------------++-------
Melee: Dagger            ||    33
       Punch             ||     1
       Short sword       ||    59
 Cast: Magic Dart        ||     8
       Call Imp          ||     2
  Use: Potion            ||     1
 Stab: Sleeping          ||     5
Armor: Robe              ||    16
Dodge: Dodged            ||    60
